 Seeded DCSS version 0.30-a0-953-g5f1da4a474 (webtiles) character file.

Game seed: 3425090202442293766 (custom seed)

3636 valliere the Martial Artist (level 9, 0/75 HPs)
             Began as a White Draconian Transmuter on Mar 28, 2023.
             Was a Believer of Wu Jian.
             Slain by a yak (13 damage)
             ... on level 7 of the Dungeon.
             The game lasted 00:17:49 (6414 turns).

valliere the Martial Artist (DrTm)                  Turns: 6414, Time: 00:17:49

Health: 0/75       AC: 10    Str: 19    XL:     9   Next: 87%
Magic:  16/16      EV: 17    Int: 13    God:    Wu Jian [**....]
Gold:   367        SH:  5    Dex: 28    Spells: 13/18 levels left

rFire   + + .      SeeInvis .      - Unarmed
rCold   + + +      Faith    .    (no shield)
rNeg    . . .      Spirit   .    (body armour unavailable)
rPois   .          Reflect  +    (helmet restricted)
rElec   .          Rampage  .    f - +0 cloak "Yntoghe" {rC++ Dex+2}
rCorr   .                        p - +0 pair of gloves
Will    +....                    q - +0 pair of boots
Stlth   ++                       b - amulet "Plog" {Reflect Will+ Str+3 SH+5}
HPRegen 0.32/turn                D - ring "Sappi" {rF+ Dex+6}
MPRegen 0.15/turn                C - ring "Gosmeralyv" {Fly rF+ Str+3 Dex+4}

@: flying, studying Long Blades
A: breathe frost, AC +7, unfitting armour, cold resistance 1, cold-blooded
a: Breathe Frost, Renounce Religion, Wall Jump


You were on level 7 of the Dungeon.
You worshipped Wu Jian.
Wu Jian was pleased with you.
You visited 1 branch of the dungeon, and saw 7 of its levels.

You collected 488 gold pieces.
You spent 121 gold pieces at shops.

Inventory:

Missiles
 l - 3 throwing nets
Armour
 f - the +0 cloak "Yntoghe" (worn) {rC++ Dex+2}
   (You acquired it on level 1 of the Dungeon)

   Dex:       It affects your dexterity (+2).
   rC:        It greatly protects you from cold.
 p - a +0 pair of gloves (worn)
 q - a +0 pair of boots (worn)
Jewellery
 b - the amulet "Plog" (around neck) {Reflect Will+ Str+3 SH+5}
   (You acquired it on level 1 of the Dungeon)

   [amulet of reflection]

   It reflects blocked missile attacks.
   Str:       It affects your strength (+3).
   SH:        It affects your SH (+5).
   Will:      It increases your willpower.
 c - a ring of see invisible
 j - an amulet of guardian spirit
 m - an amulet of the acrobat
 C - the ring "Gosmeralyv" (right hand) {Fly rF+ Str+3 Dex+4}
   (You acquired it on level 4 of the Dungeon)

   [ring of flight]

   Str:       It affects your strength (+3).
   Dex:       It affects your dexterity (+4).
   rF:        It protects you from fire.
   Fly:       It grants you flight.
 D - the ring "Sappi" (left hand) {rF+ Dex+6}
   (You acquired it on level 4 of the Dungeon)

   [ring of dexterity]

   Dex:       It affects your dexterity (+6).
   rF:        It protects you from fire.
 G - a ring of magical power
 M - a ring of ice
Wands
 F - a wand of flame (12)
Scrolls
 d - a scroll of blinking {unknown}
 e - 3 scrolls of noise {unknown}
 g - 9 scrolls of identify
 h - 2 scrolls of enchant armour {unknown}
 o - 5 scrolls of magic mapping {unknown}
 s - 6 scrolls of teleportation
 t - 3 scrolls of silence {unknown}
 u - 3 scrolls of fog {unknown}
 w - a scroll of immolation {unknown}
 y - a scroll of fear {unknown}
 H - a scroll of vulnerability {unknown}
 I - a scroll of enchant weapon {unknown}
 J - a scroll of amnesia {unknown}
 N - a scroll of poison {unknown}
Potions
 a - 3 potions of lignification
 i - a potion of degeneration {unknown}
 k - 2 potions of resistance {unknown}
 n - 4 potions of curing {unknown}
 r - 2 potions of brilliance {unknown}
 v - a potion of attraction {unknown}
 x - 2 potions of ambrosia {unknown}
 z - a potion of haste {unknown}
 A - a potion of flight {unknown}
 B - 2 potions of might {unknown}
 E - a potion of heal wounds {unknown}
 K - 2 potions of magic {unknown}
 L - 3 potions of mutation {unknown}
 O - a potion of invisibility {unknown}


   Skills:
 + Level 5.7 Fighting
 + Level 5.1 Dodging
 * Level 8.2 Unarmed Combat
 + Level 5.1 Spellcasting
 + Level 5.6 Transmutations
 + Level 4.5 Ice Magic
 + Level 3.7 Air Magic


You had 13 spell levels left.
You knew the following spells:

 Your Spells              Type           Power      Damage    Failure   Level
a - Beastly Appendage     Tmut           36%        N/A       1%          1
b - Ice Form              Ice/Tmut       16%        N/A       22%         4

Your spell library contained the following spells:

 Spells                   Type           Power      Damage    Failure   Level
 Wereblood                Tmut           18%        N/A       2%          2
 Spider Form              Tmut/Pois      10%        N/A       17%         3
 Blink                    Tloc           6%         N/A       28%         2
 Sublimation of Blood     Necr           3%         N/A       28%         2
 Manifold Assault         Tloc           3%         N/A       88%         4
 Storm Form               Tmut/Air       7%         N/A       100%        7
 Summon Hydra             Summ           1%         N/A       100%        7


Dungeon Overview and Level Annotations

Branches:
Dungeon (7/15)             Temple (0/1) D:5

Altars:
Elyvilon
Okawaru
Trog
Wu Jian
Yredelemnul
Zin
The Shining One

Shops:
D:2 ?(   D:6 *=

Annotations:
D:6 3 runed translucent doors, Palms's ghost, novice DrWr


Innate Abilities, Weirdness & Mutations

You can breathe waves of freezing cold which knock back foes.
Your icy white scales are hard. (AC +7)
You cannot fit into any form of body armour.
Your flesh is cold resistant. (rC+)
You are cold-blooded and may be slowed by cold attacks.


Message History

* * * LOW HITPOINT WARNING * * *
Aiming: Breathe Frost (4% risk of failure)
Press: ? - help, Shift-Dir - straight line, f - human
Aim: a human (56% to hit)
You exhale a wave of freezing cold.
The freezing breath hits the human!
The human is moderately wounded.
The human is knocked back by the freezing wind.
The human collides with the yak!
The freezing breath hits the yak!
The yak is moderately wounded.
The yak is knocked back by the freezing wind.
The yak collides with the hound!
The yak is moderately wounded.
The freezing breath hits the hound!
The hound is almost dead.
The hound is knocked back by the freezing wind.
The hound collides with the jackal!
The jackal is moderately wounded.
You kill the hound!
The Council accepts your kill.
The freezing breath misses the jackal.
The human hits you.
* * * LOW HITPOINT WARNING * * *
The human attacks as you move away! The human hits you.
* * * LOW HITPOINT WARNING * * *
There are monsters nearby!
You hit the human. You punch the human!
The human is severely wounded.
The human misses you.
You punch the human!
You kill the human!
The Council accepts your kill.
The yak snorts and paws the ground.
Okay, then.
You have got your breath back.
You hit the yak but do no damage.
The yak is moderately wounded.
The yak barely misses you.
You hit the yak.
The yak is heavily wounded.
The yak gores you!
You die...

###.#..........#########
............)..........
#.#####..###.......##.
#........# #.###.#####
>.....#.####.###.# #.# #
....# ##..##.....# #.# #
..# ##.##.###.# #.# # .
#..### ### ##. # #@## .
# ##Y## . # ##h# # #h##
# # ##p##p# # ##p†Y# ##
##h.# #. ....# ## ...##


You could see a yak, 2 humans, 2 hounds and a jackal.

Vanquished Creatures
  Grinder (D:4)
  Sigmund (D:3)
  4 yaks (D:7)
  4 humans (D:7)
  2 ice beasts
  A sky beast (D:7)
  2 black bears (D:5)
  3 ogres
  3 centaurs
  A gnoll sergeant (D:6)
  3 scorpions
  A bullfrog (D:6)
  3 howler monkeys (D:7)
  A crimson imp (D:4)
  8 hounds
  A jelly (D:6)
  4 orc priests
  Terence (D:3)
  2 iguanas (D:6)
  2 sleepcaps (D:6)
  An orc wizard (D:4)
  3 gnolls (D:6)
  6 adders
  A shadow imp (D:5)
  A worm (D:2)
  14 dart slugs
  18 orcs
  8 ball pythons
  7 bats
  5 endoplasms
  3 giant cockroaches
  7 goblins
  7 hobgoblins
  4 kobolds
  A quokka (D:2)
  4 frilled lizards
  A goblin skeleton (D:4)
  A goblin zombie (D:4)
  A hobgoblin zombie (D:4)
  A kobold skeleton (D:4)
  2 kobold zombies (D:4)
  An orc skeleton (D:4)
  13 rats
158 creatures vanquished.

Notes
Turn   | Place    | Note
-------+----------+-------------------------------------------
     0 | D:1      | valliere the Draconian Transmuter began the quest for the
                  | Orb.
     0 | D:1      | Reached XP level 1. HP: 16/16 MP: 3/3
    17 | D:1      | Identified a scroll of acquirement
    17 | D:1      | Acquired the amulet "Plog" {Reflect Will+ Str+3 SH+5}
   114 | D:1      | Acquired the +0 cloak "Yntoghe" {rC++ Dex+2}
   147 | D:1      | Reached XP level 2. HP: 23/23 MP: 3/5
   542 | D:1      | Found a faded altar of an unknown god.
   681 | D:2      | Reached XP level 3. HP: 28/28 MP: 4/6
   770 | D:2      | Found Nareh's Weapon Boutique.
   913 | D:2      | Reached XP level 4. HP: 30/36 MP: 7/7
  1565 | D:2      | Found Lipoy's Magic Scroll Boutique.
  1577 | D:2      | Bought 2 scrolls of identify for 44 gold pieces
  1577 | D:2      | Bought a scroll of identify for 22 gold pieces
  1577 | D:2      | Bought a scroll of identify for 22 gold pieces
  1577 | D:2      | Bought a scroll of teleportation for 33 gold pieces
  1815 | D:3      | Reached skill level 4 in Unarmed Combat
  1934 | D:3      | Noticed Sigmund
  1948 | D:3      | Killed Sigmund
  1949 | D:3      | Reached XP level 5. HP: 44/44 MP: 7/9
  1949 | D:3      | Reached XP level 6. HP: 50/50 MP: 7/10
  2227 | D:3      | Noticed Terence
  2241 | D:3      | Killed Terence
  2624 | D:4      | Acquired the ring "Sappi" {rF+ Dex+6}
  2627 | D:4      | Acquired the ring "Gosmeralyv" {Fly rF+ Str+3 Dex+4}
  2647 | D:4      | Found a glowing golden altar of the Shining One.
  2697 | D:4      | Reached skill level 5 in Unarmed Combat
  2878 | D:4      | Found a white marble altar of Elyvilon.
  2878 | D:4      | Found an ornate altar of the Wu Jian Council.
  2878 | D:4      | Found a basalt altar of Yredelemnul.
  2885 | D:4      | Became a worshipper of the Wu Jian Council
  2967 | D:4      | Noticed Grinder
  3002 | D:4      | Killed Grinder
  3003 | D:4      | Your scales start taking on an icy white colour.
  3003 | D:4      | Reached XP level 7. HP: 57/57 MP: 10/12
  3003 | D:4      | Gained mutation: Your flesh is cold resistant. (rC+) [White
                  | Draconian growth]
  3853 | D:5      | Entered Level 5 of the Dungeon
  4034 | D:5      | Found an iron altar of Okawaru.
  4102 | D:5      | Found a staircase to the Ecumenical Temple.
  4115 | D:5      | Reached skill level 1 in Ice Magic
  4219 | D:5      | Reached skill level 1 in Air Magic
  4313 | D:5      | Reached skill level 6 in Unarmed Combat
  4313 | D:5      | Reached XP level 8. HP: 60/66 MP: 13/13
  4648 | D:6      | Reached * piety under Wu Jian
  4771 | D:6      | Found a bloodstained altar of Trog.
  4831 | D:6      | Learned a level 4 spell: Ice Form
  5088 | D:6      | Found Kausagei's Jewellery Shop.
  5343 | D:6      | Found a runed translucent gate.
  5343 | D:6      | Found a runed translucent gate.
  5343 | D:6      | Found a runed translucent gate.
  5348 | D:6      | Noticed Palms's ghost (novice DrWr)
  5391 | D:6      | Reached skill level 7 in Unarmed Combat
  5529 | D:6      | Found a glowing silver altar of Zin.
  5596 | D:6      | Found Xyeg's General Store.
  5825 | D:6      | Reached XP level 9. HP: 53/73 MP: 15/15
  5892 | D:7      | Reached skill level 5 in Fighting
  6030 | D:7      | Reached skill level 5 in Transmutations
  6220 | D:7      | Reached ** piety under Wu Jian
  6399 | D:7      | Reached skill level 5 in Dodging
  6399 | D:7      | Reached skill level 8 in Unarmed Combat
  6399 | D:7      | Reached skill level 5 in Spellcasting
  6414 | D:7      | Slain by a yak

Illustrated notes

Levels and vault maps discovered:
D:1:      minmay_arrival_loop, layout_basic, ebering_ecumenical_altar_webs,
          moated_statue, minmay_tetromino_s2
D:2:      minmay_angry_zag, layout_basic, serial_shops,
          nicolae_shop_behind_doors, nicolae_shop_bloodbath_and_beyond,
          minmay_cut_off
D:3:      kennysheep_slugbush, layout_basic, uniq_sigmund, uniq_terence
D:4:      layout_layer_cave, gammafunk_temple_overflow_claw,
          nicolae_tso_besieged_by_evil, minivault_24, uniq_grinder
D:5:      layout_loops_ring, mainiacjoe_overflow_small_starburst,
          minmay_temple_entry_grid, minmay_misc_feat_square
D:6:      cheibrodos_iron_armory, layout_basic, bloody_trog, marbit_many_paths,
          serial_shops, shop, shop, biasface_ghost_orc_armoury,
          minmay_manual_mares
D:7:      erik_cavepeople, layout_basic

Skill      XL: |  1  2  3  4  5  6  7  8  9 |
---------------+----------------------------+-----
Dodging        | 2 3 4 5 |  5.1
Fighting       | 2 3 4 5 |  5.7
Unarmed Combat | 4 5 6 7 8 |  8.2
Transmutations | 3 4 5 |  5.6
Spellcasting   | 3 4 5 |  5.1
Ice Magic      | 1 3 4 |  4.5
Air Magic      | 1 2 3 |  3.7

Action                     |  1- 3 |  4- 6 |  7- 9 || total
---------------------------+-------+-------+-------++-------
  Melee: Unarmed           |    99 |   160 |   200 ||   459
         Kick              |    13 |    46 |    32 ||    91
         Headbutt          |     8 |    24 |    23 ||    55
         Tailslap          |     6 |    18 |    28 ||    52
         Punch             |     3 |     4 |     7 ||    14
   Cast: Beastly Appendage |    17 |    27 |    23 ||    67
         Ice Form          |       |       |     1 ||     1
Ability: Lunge             |       |     5 |    15 ||    20
         Breathe Frost     |       |       |     5 ||     5
         Whirlwind         |       |       |    10 ||    10
         End Transformatio |       |       |     1 ||     1
         Wall Jump         |       |       |     1 ||     1
    Use: Scroll            |     2 |     2 |       ||     4
   Stab: Sleeping          |     1 |     4 |     4 ||     9
         Distracted        |       |     1 |     1 ||     2
 Armour: Skin              |    24 |    43 |    40 ||   107
  Dodge: Dodged            |    59 |    99 |   100 ||   258
  Block: Other             |    23 |    16 |    27 ||    66
         Reflection        |       |     2 |     2 ||     4

Table legend: (Time is in decaauts)
 A = Elapsed time spent in this place.
 B = Non-inter-level travel time spent in this place.
 C = Inter-level travel time spent in this place.
 D = Time resting spent in this place.
 E = Time spent auto-exploring this place.
 F = Levels seen in this place.
 G = Mean time per level.
                   A        B        C        D        E       F      G
               +--------+--------+--------+--------+--------+-----+--------+
         Total |   6387 |   6264 |    123 |     63 |   5074 |   7 |  912.4 |
       Dungeon |   6387 |   6264 |    123 |     63 |   5074 |   7 |  912.4 |
               +--------+--------+--------+--------+--------+-----+--------+

Top non-repeatable levels by time:
     D:4: 1245 daAuts
     D:6: 1234 daAuts
     D:2: 1059 daAuts
     D:3: 899 daAuts
     D:5: 787 daAuts
     D:1: 641 daAuts
     D:7: 520 daAuts
